 Dungeon Crawl Stone Soup version 0.27.1-2-g3b301248ec (webtiles) character file.

Game seed: 16256775089896796475

8870 loralnil the Martial Artist (level 11, -1/78 (83) HPs)
             Began as a Gnoll Transmuter on Sept 25, 2021.
             Was a Believer of Makhleb.
             Killed by vampiric draining
             ... invoked by Josephine
              (10 damage)
             ... on level 10 of the Dungeon.
             The game lasted 00:21:04 (10799 turns).

loralnil the Martial Artist (Gnoll Transmuter)     Turns: 10799, Time: 00:21:05

HP:   -1/78 (83)    AC:  8    Str: 10    XL:     11   Next: 37%
MP:   23/23         EV: 16    Int: 12    God:    Makhleb [**....]
Gold: 539           SH:  0    Dex: 16    Spells: 7/26 levels left

rFire    + . .     SeeInvis .   o - +8 great sword "Olaomi" {flame, rN+ Will+ rCorr}
rCold    + . .     Faith    .   (shield currently unavailable)
rNeg     + . .     Spirit   .   q - +1 robe {rC+ rF+}
rPois    +         Reflect  .   D - +0 helmet
rElec    .         Harm     .   d - +0 cloak
rCorr    +         Rampage  .   m - +0 pair of gloves
Will     ++...                  e - +0 pair of boots
Stlth    +++.......             l - amulet of magic regeneration
HPRegen  0.23/turn              f - ring of willpower
MPRegen  0.43/turn              r - ring of poison resistance

@: very slightly contaminated, slowed, drained, very slow
A: fangs 1, strong nose, distributed training
a: Renounce Religion, Minor Destruction


You were on level 10 of the Dungeon.
You worshipped Makhleb.
Makhleb was pleased with you.
You visited 2 branches of the dungeon, and saw 11 of its levels.

You collected 659 gold pieces.
You spent 120 gold pieces at shops.

Inventory:

Hand Weapons
 o - the +8 great sword "Olaomi" (weapon) {flame, rN+ Will+ rCorr}
   (You found it on level 4 of the Dungeon)

   It burns those it strikes, dealing additional fire damage.
   Big, fiery blades are also staple armaments of hydra-hunters.
   rN:        It protects you from negative energy.
   rCorr:     It protects you from acid and corrosion.
   Will:      It increases your willpower.
Missiles
 K - a throwing net
Armour
 d - a +0 cloak (worn)
 e - a +0 pair of boots (worn)
 m - a +0 pair of gloves (worn)
 q - a +1 robe of resistance (worn)
 D - a +0 helmet (worn)
Jewellery
 f - a ring of willpower (left hand)
 i - a ring of flight
 l - an amulet of magic regeneration (around neck)
 r - a ring of poison resistance (right hand)
 u - a ring of wizardry
 x - a ring of protection from fire
 F - a ring of resist corrosion
Wands
 E - a wand of iceblast (3)
 G - a wand of charming (16)
 H - a wand of paralysis (8)
 J - a wand of acid (10)
Scrolls
 c - 2 scrolls of brand weapon
 j - 2 scrolls of magic mapping
 n - 3 scrolls of amnesia
 s - 2 scrolls of immolation
 v - 3 scrolls of fog
 w - 2 scrolls of vulnerability
 y - a scroll of summoning {unknown}
 B - a scroll of teleportation {unknown}
 I - a scroll of enchant weapon {unknown}
Potions
 a - a potion of magic
 b - 7 potions of curing
 g - 2 potions of brilliance
 h - 2 potions of cancellation
 k - 2 potions of attraction
 p - 4 potions of lignification
 t - 2 potions of might
 z - a potion of flight {unknown}
 A - 3 potions of mutation


   Skills:
 + Level 6.8 Fighting
 + Level 6.2 Short Blades
 + Level 6.2 Long Blades
 + Level 6.2 Axes
 + Level 6.2 Maces & Flails
 + Level 6.2 Polearms
 + Level 6.2 Staves
 + Level 6.2 Slings
 + Level 6.2 Bows
 + Level 6.2 Crossbows
 + Level 6.2 Throwing
 + Level 6.2 Armour
 + Level 7.8 Dodging
 + Level 6.2 Stealth
 + Level 6.2 Shields
 + Level 9.1 Unarmed Combat
 + Level 8.1 Spellcasting
 + Level 5.1 Conjurations
 + Level 5.1 Hexes
 + Level 5.1 Summonings
 + Level 5.1 Necromancy
 + Level 5.1 Translocations
 + Level 6.5 Transmutations
 + Level 5.1 Fire Magic
 + Level 5.1 Ice Magic
 + Level 5.1 Air Magic
 + Level 5.1 Earth Magic
 + Level 5.1 Poison Magic
 + Level 6.8 Invocations
 + Level 6.2 Evocations


You had 7 spell levels left.
You knew the following spells:

 Your Spells              Type           Power      Damage    Failure   Level
a - Beastly Appendage     Tmut           40%        N/A       1%          1
b - Spider Form           Tmut/Pois      9%         N/A       4%          3
c - Mephitic Cloud        Conj/Pois/Air  17%        N/A       5%          3
d - Swiftness             Air            17%        N/A       5%          3
e - Ice Form              Ice/Tmut       18%        N/A       13%         4
f - Bolt of Magma         Conj/Fire/Erth 8%         4d6       43%         5

Your spell library contained the following spells:

 Spells                   Type           Power      Damage    Failure   Level
 Foxfire                  Conj/Fire      68%        2x1d7     1%          1
 Shock                    Conj/Air       68%        1d7       1%          1
 Wereblood                Tmut           20%        N/A       1%          2
 Ignite Poison            Fire/Tmut/Pois 18%        N/A       4%          3
 Conjure Flame            Conj/Fire      17%        6-21      5%          3
 Inner Flame              Hex/Fire       17%        N/A       5%          3
 Airstrike                Air            8%         N/A       17%         4
 Malign Gateway           Summ/Tloc      8%         N/A       100%        7
 Summon Horrible Things   Summ           8%         N/A       100%        8


Dungeon Overview and Level Annotations

Branches:
Dungeon (10/15)            Temple (1/1) D:5            Lair (0/6) D:9
    Orc: D:9-12

Altars:
Ashenzari
Cheibriados
Dithmenos
Elyvilon
Fedhas
Gozag
Hepliaklqana
Makhleb
Qazlal
Ru
Sif Muna
Trog
Uskayaw
Wu Jian
Xom
Yredelemnul
Zin

Shops:
D:4 *   D:5 =   D:8 :

Annotations:
D:10 Josephine


Innate Abilities, Weirdness & Mutations

You have very sharp teeth.
Your uncanny sense of smell can sniff out nearby items.
Your experience applies equally to all skills.


Message History

Josephine gestures at you while chanting.
The ghostly flame explodes!
The ghostly fireball engulfs you. You partially resist.
You feel drained.
You slash the wraith! You burn the wraith.
The wraith is heavily damaged.
The wraith hits you!
* * * LOW HITPOINT WARNING * * *
The wraith drains your vigour!
You feel yourself slow down.
You slash the wraith! You burn the wraith.
You bite the wraith, but do no damage.
The wraith is severely damaged.
You flicker for a moment.
The wraith barely misses you.
You riposte.
You barely miss the wraith.
The wraith is severely damaged.
The wraith hits you!
* * * LOW HITPOINT WARNING * * *
You feel better.
You catch the helpless Josephine completely off-guard!
You slash Josephine! You burn Josephine. Your bite misses Josephine.
Josephine is almost dead.
Josephine points at you and mumbles some strange words.
The ghostly flame explodes!
The ghostly fireball engulfs you! You partially resist.
You feel drained.
* * * LOW HITPOINT WARNING * * *
The ghostly fireball engulfs Josephine.
Josephine completely resists.
The ghostly fireball engulfs the wraith.
The wraith completely resists.
The wraith closely misses you.
You riposte.
Josephine shouts!
You hit the wraith. You burn the wraith.
You destroy the wraith!
Makhleb accepts your kill. Josephine hits you but does no damage.
You barely miss Josephine. Your bite misses Josephine.
Josephine is almost dead.
You flicker back into view.
Josephine screams, "Die!"
Josephine hits you with a +0 dagger.
* * * LOW HITPOINT WARNING * * *
Josephine draws life force from you!
You die...

.................................
..........###.............#......
...........####..>........#......
.###......###......######.##.....
.#.#.####...#.[....#.####.#..#.#.
......# #......#.............###.
......# #...........#........###.
......###..#..##@.............##.
..........##..##@.............#..
....##.........#..###............
....###...#.#....####.........##.
....####.##.......#.#..........##
.....###...<....)....[.........#.
<.....##...##.......#..........##
>.##...#..###...#...#......##..##
.####....####..##..........##....
.####..#.(....###.#...#..........


You could see Josephine.

Vanquished Creatures
  Erica (D:10)
  3 two-headed ogres
  Pikel (D:7)
  Grinder (D:3)
  A hornet (D:9)
  3 wraiths (D:10)
  3 wyverns
  Sigmund (D:3)
  11 yaks
  2 water moccasins (D:7)
  A hornet zombie (D:6)
  An orc warrior (D:7)
  3 ice beasts
  A black bear (D:6)
  2 ogres (D:6)
  A sky beast (D:5)
  5 centaurs
  A lemure (D:7)
  A gnoll sergeant (D:9)
  A bullfrog (D:7)
  A wyvern zombie (D:8)
  A killer bee (D:10)
  5 howler monkeys
  8 wights
  A jelly (D:6)
  Crazy Yiuf (D:5)
  2 centaur zombies
  5 hounds
  A gnoll shaman (D:6)
  3 centaur skeletons (D:7)
  6 iguanas
  7 orc wizards
  A hound skeleton (D:5)
  11 gnolls
  5 adders
  A worm (D:3)
  2 dart slugs
  13 orcs
  4 ball pythons
  4 endoplasms
  3 giant cockroaches
  6 hobgoblins
  2 jackals (D:1)
  2 quokkas
  7 bats
  7 frilled lizards
  6 goblins
  15 kobolds
  6 rats
180 creatures vanquished.

Vanquished Creatures (others)
  An orc wizard (D:9)
1 creature vanquished.

Grand Total: 181 creatures vanquished

Notes
Turn   | Place    | Note
-------+----------+-------------------------------------------
     0 | D:1      | loralnil the Gnoll Transmuter began the quest for the Orb.
     0 | D:1      | Reached XP level 1. HP: 17/17 MP: 6/6
   142 | D:1      | Reached XP level 2. HP: 23/23 MP: 5/7
   275 | D:1      | Found a faded altar of an unknown god.
   730 | D:2      | Reached XP level 3. HP: 28/28 MP: 9/9
   737 | D:2      | Learned a level 3 spell: Spider Form
   786 | D:2      | Reached skill level 5 in Spellcasting
  1200 | D:2      | Reached skill level 1 in Invocations
  1758 | D:3      | Reached skill level 1 in Short Blades
  1758 | D:3      | Reached skill level 1 in Long Blades
  1758 | D:3      | Reached skill level 1 in Axes
  1758 | D:3      | Reached skill level 1 in Maces & Flails
  1758 | D:3      | Reached skill level 1 in Polearms
  1758 | D:3      | Reached skill level 1 in Staves
  1758 | D:3      | Reached skill level 1 in Slings
  1758 | D:3      | Reached skill level 1 in Bows
  1758 | D:3      | Reached skill level 1 in Crossbows
  1758 | D:3      | Reached skill level 1 in Throwing
  1758 | D:3      | Reached skill level 1 in Armour
  1758 | D:3      | Reached skill level 1 in Stealth
  1758 | D:3      | Reached skill level 1 in Shields
  1758 | D:3      | Reached skill level 1 in Evocations
  1882 | D:3      | Noticed Grinder
  1903 | D:3      | Killed Grinder
  1904 | D:3      | Reached skill level 1 in Conjurations
  1904 | D:3      | Reached skill level 1 in Hexes
  1904 | D:3      | Reached skill level 1 in Summonings
  1904 | D:3      | Reached skill level 1 in Necromancy
  1904 | D:3      | Reached skill level 1 in Translocations
  1904 | D:3      | Reached skill level 1 in Fire Magic
  1904 | D:3      | Reached skill level 1 in Ice Magic
  1904 | D:3      | Reached skill level 1 in Air Magic
  1904 | D:3      | Reached skill level 1 in Earth Magic
  1904 | D:3      | Reached skill level 1 in Poison Magic
  1904 | D:3      | Reached XP level 4. HP: 14/35 MP: 11/11
  1904 | D:3      | Reached XP level 5. HP: 16/41 MP: 12/12
  1904 | D:3      | Reached XP level 6. HP: 18/47 MP: 13/13
  2008 | D:3      | Learned a level 3 spell: Mephitic Cloud
  2020 | D:3      | Reached skill level 5 in Dodging
  2608 | D:3      | Noticed Sigmund
  2625 | D:3      | Killed Sigmund
  2626 | D:3      | Reached XP level 7. HP: 52/52 MP: 15/15
  2628 | D:3      | Reached skill level 7 in Unarmed Combat
  2662 | D:3      | Found a broken altar of Ashenzari.
  2943 | D:4      | Identified the +8 great sword "Olaomi" {flame, rN+ Will+
                  | rCorr}
  3319 | D:4      | Found a shimmering altar of Xom.
  3407 | D:4      | Found Ahilaynn's General Store.
  3415 | D:4      | Bought 2 potions of might for 96 gold pieces
  3415 | D:4      | Bought a scroll of identify for 24 gold pieces
  3415 | D:4      | Identified a scroll of acquirement
  3416 | D:4      | Acquired a book of Air
  3632 | D:4      | Learned a level 3 spell: Swiftness
  3736 | D:5      | Entered Level 5 of the Dungeon
  3738 | D:5      | Found Dykytt's Jewellery Boutique.
  3970 | D:5      | Found a staircase to the Ecumenical Temple.
  3982 | D:5      | Reached XP level 8. HP: 60/60 MP: 16/16
  3986 | Temple   | Entered the Ecumenical Temple
  4061 | Temple   | Became a worshipper of Makhleb the Destroyer
  4131 | D:5      | Found an opulent altar of Gozag.
  4164 | D:5      | Found a runed translucent door.
  4165 | D:5      | Noticed Crazy Yiuf
  4269 | D:5      | Found a shadowy altar of Dithmenos.
  4954 | D:5      | Killed Crazy Yiuf
  5106 | D:6      | Noticed a two-headed ogre
  5554 | D:6      | Reached skill level 5 in Transmutations
  5554 | D:6      | Reached XP level 9. HP: 66/66 MP: 15/18
  5586 | D:6      | Found a sacrificial altar of Ru.
  5654 | D:6      | Killed a two-headed ogre
  5655 | D:6      | Reached skill level 5 in Fighting
  5832 | D:7      | Reached skill level 8 in Unarmed Combat
  6051 | D:7      | Reached skill level 5 in Invocations
  6575 | D:7      | Noticed Pikel
  6602 | D:7      | Killed Pikel
  6603 | D:7      | Reached XP level 10. HP: 52/75 MP: 20/20
  7327 | D:8      | Found a stormy altar of Qazlal.
  7344 | D:8      | Reached skill level 5 in Short Blades
  7344 | D:8      | Reached skill level 5 in Long Blades
  7344 | D:8      | Reached skill level 5 in Axes
  7344 | D:8      | Reached skill level 5 in Maces & Flails
  7344 | D:8      | Reached skill level 5 in Polearms
  7344 | D:8      | Reached skill level 5 in Staves
  7344 | D:8      | Reached skill level 5 in Slings
  7344 | D:8      | Reached skill level 5 in Bows
  7344 | D:8      | Reached skill level 5 in Crossbows
  7344 | D:8      | Reached skill level 5 in Throwing
  7344 | D:8      | Reached skill level 5 in Armour
  7344 | D:8      | Reached skill level 5 in Stealth
  7344 | D:8      | Reached skill level 5 in Shields
  7344 | D:8      | Reached skill level 5 in Evocations
  7412 | D:8      | Found Lifyf's Book Boutique.
  7696 | D:8      | Reached * piety under Makhleb
  7877 | D:8      | Found a glowing silver altar of Zin.
  8074 | D:8      | Noticed a two-headed ogre
  8557 | D:8      | Killed a two-headed ogre
  9128 | D:8      | Reached XP level 11. HP: 43/83 MP: 22/22
  9657 | D:9      | Reached ** piety under Makhleb
  9713 | D:9      | Reached skill level 9 in Unarmed Combat
 10021 | D:9      | Found a shimmering blue altar of Sif Muna.
 10031 | D:9      | Learned a level 4 spell: Ice Form
 10037 | D:9      | Learned a level 5 spell: Bolt of Magma
 10037 | D:9      | Found a staircase to the Lair.
 10217 | D:9      | Found a hazy altar of Hepliaklqana.
 10360 | D:10     | Entered Level 10 of the Dungeon
 10429 | D:10     | Noticed Erica
 10437 | D:10     | Killed Erica
 10438 | D:10     | Reached skill level 5 in Conjurations
 10438 | D:10     | Reached skill level 5 in Hexes
 10438 | D:10     | Reached skill level 5 in Summonings
 10438 | D:10     | Reached skill level 5 in Necromancy
 10438 | D:10     | Reached skill level 5 in Translocations
 10438 | D:10     | Reached skill level 5 in Fire Magic
 10438 | D:10     | Reached skill level 5 in Ice Magic
 10438 | D:10     | Reached skill level 5 in Air Magic
 10438 | D:10     | Reached skill level 5 in Earth Magic
 10438 | D:10     | Reached skill level 5 in Poison Magic
 10624 | D:10     | Noticed a two-headed ogre
 10647 | D:10     | Killed a two-headed ogre
 10653 | D:10     | Identified the +1 ring mail "Godwaunu" {rF+ Dex+2}
 10767 | D:10     | Noticed Josephine
 10799 | D:10     | Killed from afar by Josephine

Illustrated notes

Levels and vault maps discovered:
D:1:      elethiomel_arrival_quiet, layout_rooms,
          hellmonk_ecumenical_altar_crossroads, serial_forest,
          infiniplex_forest_lined_room_, infiniplex_forest_lined_3_way,
          infiniplex_forest_clump_tiny, infiniplex_forest_clump_medium,
          minmay_pentomino_z4
D:2:      layout_rooms, minmay_goblin_kobold_house
D:3:      layout_rooms, lemuel_crystal_altar, serial_glass, glass_columns_a,
          glass_columns_b, glass_columns_a, glass_columns_a, glass_columns_b,
          glass_columns_b, glass_columns_b, glass_columns_a, glass_columns_b,
          glass_columns_b, due_unseen_surprise, minmay_strange_pillars,
          feat_on_display, feat_on_display, minmay_misc_feat_iff,
          minmay_misc_feat_rows, uniq_sigmund, uniq_grinder
D:4:      layout_basic, mainiacjoe_overflow_small_starburst, serial_shops, shop,
          saegor_snake_ambush
D:5:      layout_basic, nicolae_overflow_crystal_walls, general_overflow_altar,
          minmay_temple_entry_ruins, serial_shops, shop, uniq_crazy_yiuf_cottage
D:6:      layout_rooms, kennysheep_little_box, chequers_garden
D:7:      layout_basic, minmay_misc_feat_encased, uniq_pikel
D:8:      layout_rooms, zin_treasury, grunt_qazlal_clouds, serial_shops,
          nicolae_shop_statue_plus
D:9:      layout_cave_pools, nzn_hepliaklqana_mist_gate, led_sif_book,
          lair_entry_dummy, minmay_tree_intersection
D:10:     layout_cave_pools, uniq_josephine, uniq_erica
Temple:   oiseaux_autumnal_temple

Skill      XL: |  1  2  3  4  5  6  7  8  9 10 11 |
---------------+----------------------------------+-----
Spellcasting   | 5 6 7 8 |  8.1
Invocations    | 2 3 4 5 6 |  6.8
Short Blades   | 1 2 3 4 5 6 |  6.2
Long Blades    | 1 2 3 4 5 6 |  6.2
Axes           | 1 2 3 4 5 6 |  6.2
Maces & Flails | 1 2 3 4 5 6 |  6.2
Polearms       | 1 2 3 4 5 6 |  6.2
Staves         | 1 2 3 4 5 6 |  6.2
Slings         | 1 2 3 4 5 6 |  6.2
Bows           | 1 2 3 4 5 6 |  6.2
Crossbows      | 1 2 3 4 5 6 |  6.2
Throwing       | 1 2 3 4 5 6 |  6.2
Armour         | 1 2 3 4 5 6 |  6.2
Stealth        | 1 2 3 4 5 6 |  6.2
Shields        | 1 2 3 4 5 6 |  6.2
Evocations     | 1 2 3 4 5 6 |  6.2
Fighting       | 3 4 5 6 |  6.8
Conjurations   | 1 2 3 4 5 |  5.1
Hexes          | 1 2 3 4 5 |  5.1
Summonings     | 1 2 3 4 5 |  5.1
Necromancy     | 1 2 3 4 5 |  5.1
Translocations | 1 2 3 4 5 |  5.1
Transmutations | 4 5 6 |  6.5
Fire Magic     | 1 2 3 4 5 |  5.1
Ice Magic      | 1 2 3 4 5 |  5.1
Air Magic      | 1 2 3 4 5 |  5.1
Earth Magic    | 1 2 3 4 5 |  5.1
Poison Magic   | 1 2 3 4 5 |  5.1
Dodging        | 5 6 7 |  7.8
Unarmed Combat | 7 8 9 |  9.1

Action                   |  1- 3 |  4- 6 |  7- 9 | 10-12 || total
-------------------------+-------+-------+-------+-------++-------
Melee: Unarmed           |    92 |    47 |     6 |     2 ||   147
       Kick              |    22 |     4 |       |       ||    26
       Headbutt          |    12 |     4 |     1 |       ||    17
       Bite              |     2 |     1 |    10 |    21 ||    34
       Great sword       |       |       |   127 |   128 ||   255
 Cast: Beastly Appendage |    27 |    11 |     2 |       ||    40
       Spider Form       |     1 |     2 |       |       ||     3
       Mephitic Cloud    |       |       |     7 |     5 ||    12
       Ice Form          |       |       |       |     1 ||     1
  Use: Scroll            |     8 |     3 |     7 |     2 ||    20
       Potion            |     1 |       |       |     3 ||     4
 Stab: Sleeping          |     3 |       |     7 |     2 ||    12
       Confused          |       |       |     1 |     4 ||     5
       Invisible         |       |       |       |     2 ||     2
Armor: Robe              |    24 |    12 |    38 |    51 ||   125
Dodge: Dodged            |    52 |    31 |    85 |   150 ||   318
       Rpst.: Great sword |       |       |    25 |    41 ||    66
